| TOP OF THE 1ST |
|
Cleveland (APP) Indians batting - Pitching for Pulaski Yankees : RHP Tony Black
|
|
Pitching: RHP Tony Black
|
|
|
Batting: RHB John Clark
|
0-0: Foul Ball, location: 2F 0-1: Ball 1-1: Ball 2-1: Ball 3-1: Base on Balls
|
|
Batting: RHB Carlos Manriquez
|
0-0: Ball 1-0: Called Strike 1-1: Ball John Clark steals 2nd base 2-1: Foul Ball, location: 2F 2-2: Strikes out swinging
|
|
Batting: RHB Juan Gallardo
|
0-0: Swinging Strike 0-1: Foul Ball, location: 2F 0-2: Foul Ball, location: 2F 0-2: Ball 1-2: Strikes out swinging
|
|
Batting: RHB Luis Roman
|
0-0: Called Strike 0-1: Ball 1-1: Ball Wild Pitch! John Clark to third 2-1: Ball 3-1: Foul Ball, location: 2F 3-2: Strikes out swinging
|
| Top of the 1st over - 0 runs, 0 hits, 0 errors, 1 left on base; Cleveland (APP) 0 - Pulaski 0 |
| BOTTOM OF THE 1ST |
|
Pulaski Yankees batting - Pitching for Cleveland (APP) Indians : LHP Kenji Yokoyama
|
|
Pitching: LHP Kenji Yokoyama
|
|
|
Batting: LHB Joel Vera
|
0-0: Called Strike 0-1: Ball 1-1: Ball 2-1: Fly out, F7 (Flyball, 7D, EV 81.9 MPH)
|
|
Batting: LHB Dan Morris
|
0-0: Reached on error, E6 (Groundball, 6, EV 103.8 MPH)
|
|
Batting: RHB Bobby Melillo
|
0-0: Ball 1-0: Ball Passed Ball! Dan Morris to second 2-0: Foul Ball, location: 2F 2-1: Foul Ball, location: 2F 2-2: Ground out 1-3 (Groundball, 34S, EV 63.8 MPH) Dan Morris to third
|
|
Batting: SHB Blake Abbott
|
0-0: Ball Passed Ball! Dan Morris scores 1-0: Ball 2-0: Ball 3-0: Called Strike 3-1: Base on Balls
|
|
Batting: SHB Victor Ruiz
|
0-0: Called Strike 0-1: Ball 1-1: Ball 2-1: Ball Passed Ball! Blake Abbott to second 3-1: DOUBLE (Line Drive, 3D, EV 95.6 MPH) Blake Abbott scores
|
|
Batting: RHB Johannes Gutermuth
|
0-0: Ball 1-0: Ball 2-0: Called Strike 2-1: Ground out 4-3 (Groundball, 4, EV 85.0 MPH)
|
| Bottom of the 1st over - 2 runs, 1 hit, 1 error, 1 left on base; Cleveland (APP) 0 - Pulaski 2 |
| TOP OF THE 2ND |
|
Cleveland (APP) Indians batting - Pitching for Pulaski Yankees : RHP Tony Black
|
|
Batting: RHB Joe Shade
|
0-0: Ball 1-0: Ball 2-0: Called Strike 2-1: Foul Ball, location: 2F 2-2: Ball 3-2: Base on Balls
|
|
Batting: LHB Heath Ryland
|
0-0: Swinging Strike 0-1: Ball 1-1: SINGLE (Groundball, 34D, EV 97.5 MPH) Joe Shade to second Runner from 2nd tries for 3rd, SAFE, throw by RF made to third
|
|
Batting: LHB Jose Esteban
|
0-0: Called Strike 0-1: Swinging Strike 0-2: Strikes out looking
|
|
Batting: LHB Gilbert Paparelli
|
0-0: Foul Ball, location: 2F 0-1: Foul Ball, location: 2F 0-2: Strikes out swinging
|
|
Batting: LHB Jordan Jimenez
|
0-0: Ball 1-0: Swinging Strike 1-1: Ball 2-1: Ball 3-1: Foul Ball, location: 2F 3-2: Strikes out swinging
|
| Top of the 2nd over - 0 runs, 1 hit, 0 errors, 2 left on base; Cleveland (APP) 0 - Pulaski 2 |
| BOTTOM OF THE 2ND |
|
Pulaski Yankees batting - Pitching for Cleveland (APP) Indians : LHP Kenji Yokoyama
|
|
Batting: RHB Jordan Barragan
|
0-0: Ball 1-0: Called Strike 1-1: Ball 2-1: SOLO HOME RUN (Flyball, 7LD, EV 89.4 MPH), Distance : 342 ft
|
|
Batting: SHB Joe Fure
|
0-0: Called Strike 0-1: Called Strike 0-2: Strikes out looking
|
|
Batting: RHB Roberto Tena
|
0-0: Swinging Strike 0-1: Ball 1-1: Fly out, F6 (Line Drive, 6, EV 70.6 MPH)
|
|
Batting: LHB Joel Vera
|
0-0: Called Strike 0-1: Ball 1-1: Swinging Strike 1-2: Ball 2-2: Ball 3-2: Foul Ball, location: 2F 3-2: Foul Ball, location: 2F 3-2: Ground out 1-3 (Groundball, P, EV 61.2 MPH)
|
| Bottom of the 2nd over - 1 run, 1 hit, 0 errors, 0 left on base; Cleveland (APP) 0 - Pulaski 3 |
| TOP OF THE 3RD |
|
Cleveland (APP) Indians batting - Pitching for Pulaski Yankees : RHP Tony Black
|
|
Batting: RHB John Clark
|
0-0: Foul Ball, location: 2F 0-1: Swinging Strike 0-2: Strikes out looking
|
|
Batting: RHB Carlos Manriquez
|
0-0: Called Strike 0-1: Ball 1-1: Swinging Strike 1-2: Ball 2-2: Strikes out looking
|
|
Batting: RHB Juan Gallardo
|
0-0: Ball 1-0: Called Strike 1-1: Called Strike 1-2: Strikes out swinging
|
| Top of the 3rd over - 0 runs, 0 hits, 0 errors, 0 left on base; Cleveland (APP) 0 - Pulaski 3 |
| BOTTOM OF THE 3RD |
|
Pulaski Yankees batting - Pitching for Cleveland (APP) Indians : LHP Kenji Yokoyama
|
|
Batting: LHB Dan Morris
|
0-0: Ground out 4-3 (Groundball, 4M, EV 110.0 MPH)
|
|
Batting: RHB Bobby Melillo
|
0-0: Ball 1-0: Swinging Strike 1-1: DOUBLE (Line Drive, 9LS, EV 104.4 MPH)
|
|
Batting: SHB Blake Abbott
|
0-0: SINGLE (Groundball, 56D, EV 102.5 MPH) Bobby Melillo to third Throwing error, E7 Bobby Melillo scores Blake Abbott to second
|
|
Batting: SHB Victor Ruiz
|
0-0: Ball 1-0: Ball 2-0: Called Strike 2-1: Ball 3-1: Base on Balls
|
|
Batting: RHB Johannes Gutermuth
|
0-0: Called Strike 0-1: Called Strike 0-2: Strikes out swinging
|
|
Batting: RHB Jordan Barragan
|
0-0: Called Strike 0-1: Fielders Choice at 2nd, 6-4 (Groundball, 6, EV 100.0 MPH)
|
| Bottom of the 3rd over - 1 run, 2 hits, 1 error, 2 left on base; Cleveland (APP) 0 - Pulaski 4 |
| TOP OF THE 4TH |
|
Cleveland (APP) Indians batting - Pitching for Pulaski Yankees : RHP Tony Black
|
|
Batting: RHB Luis Roman
|
0-0: Ball 1-0: Swinging Strike 1-1: Ground out 4-3 (Groundball, 34, EV 95.6 MPH)
|
|
Batting: RHB Joe Shade
|
0-0: Ball 1-0: Foul Ball, location: 2F 1-1: Ball 2-1: Ball 3-1: Base on Balls
|
|
Batting: LHB Heath Ryland
|
0-0: Ball 1-0: Called Strike 1-1: Fielders Choice at 2nd, 4-6 (Groundball, 34, EV 101.9 MPH)
|
|
Batting: LHB Jose Esteban
|
0-0: Called Strike 0-1: Swinging Strike 0-2: Strikes out swinging
|
| Top of the 4th over - 0 runs, 0 hits, 0 errors, 1 left on base; Cleveland (APP) 0 - Pulaski 4 |
| BOTTOM OF THE 4TH |
|
Pulaski Yankees batting - Pitching for Cleveland (APP) Indians : LHP Kenji Yokoyama
|
|
Batting: SHB Joe Fure
|
0-0: Ball 1-0: Foul Ball, location: 2F 1-1: Called Strike 1-2: Ball 2-2: Ball 3-2: Fly out, F5 (Popup, 5S, EV 81.2 MPH)
|
|
Batting: RHB Roberto Tena
|
0-0: Called Strike 0-1: Ball 1-1: Swinging Strike 1-2: SINGLE (Groundball, 6D, EV 99.4 MPH)
|
|
Batting: LHB Joel Vera
|
0-0: Ball Roberto Tena steals 2nd, throwing error, E2 Roberto Tena to third 1-0: Ball 2-0: Foul Ball, location: 2F 2-1: Ball Wild Pitch! Roberto Tena scores 3-1: Base on Balls
|
|
Batting: LHB Dan Morris
|
0-0: Ball Joel Vera steals 2nd base 1-0: Called Strike Joel Vera steals 3rd base 1-1: Foul Ball, location: 2F 1-2: Fly out, F8 (Flyball, 8RD, EV 88.1 MPH) Runner from 3rd tags up, SCORES, throw by CF
|
|
Batting: RHB Bobby Melillo
|
0-0: Ball 1-0: SINGLE (Groundball, 34, EV 105.0 MPH)
|
|
Batting: SHB Blake Abbott
|
0-0: Ball Bobby Melillo steals 2nd base 1-0: Ground out 4-3 (Groundball, 4M, EV 82.5 MPH)
|
| Bottom of the 4th over - 2 runs, 2 hits, 1 error, 1 left on base; Cleveland (APP) 0 - Pulaski 6 |
| TOP OF THE 5TH |
|
Cleveland (APP) Indians batting - Pitching for Pulaski Yankees : RHP Tony Black
|
|
Batting: LHB Gilbert Paparelli
|
0-0: Called Strike 0-1: Ball 1-1: Swinging Strike 1-2: Foul Ball, location: 2F 1-2: Strikes out swinging
|
|
Batting: LHB Jordan Jimenez
|
0-0: Called Strike 0-1: Swinging Strike 0-2: Strikes out swinging
|
|
Batting: RHB John Clark
|
0-0: Swinging Strike 0-1: Ball 1-1: Swinging Strike 1-2: Foul Ball, location: 2F 1-2: Ball 2-2: Strikes out swinging
|
| Top of the 5th over - 0 runs, 0 hits, 0 errors, 0 left on base; Cleveland (APP) 0 - Pulaski 6 |
| BOTTOM OF THE 5TH |
|
Pulaski Yankees batting - Pitching for Cleveland (APP) Indians : LHP Kenji Yokoyama
|
|
Batting: SHB Victor Ruiz
|
0-0: SINGLE (Line Drive, 89M, EV 101.9 MPH)
|
|
Batting: RHB Johannes Gutermuth
|
0-0: Called Strike 0-1: Swinging Strike 0-2: Ball 1-2: Strikes out swinging
|
|
Batting: RHB Jordan Barragan
|
0-0: Ball 1-0: Ball 2-0: Ball 3-0: Called Strike 3-1: Base on Balls Victor Ruiz to second
|
|
Batting: SHB Joe Fure
|
0-0: Foul Ball, location: 2F 0-1: Ball 1-1: Swinging Strike 1-2: Foul Ball, location: 2F 1-2: Ball 2-2: Foul Ball, location: 2F 2-2: Ball 3-2: Foul Ball, location: 2F 3-2: Strikes out swinging
|
|
Batting: RHB Roberto Tena
|
0-0: Hit by Pitch Victor Ruiz to third Jordan Barragan to second
|
|
Batting: LHB Joel Vera
|
0-0: Called Strike 0-1: Ball Wild Pitch! Victor Ruiz scores Jordan Barragan to third Roberto Tena to second 1-1: DOUBLE (Line Drive, 89D, EV 106.2 MPH) Jordan Barragan scores Roberto Tena scores
|
|
Batting: LHB Dan Morris
|
0-0: Fly out, F6 (Popup, 6S, EV 83.8 MPH)
|
| Bottom of the 5th over - 3 runs, 2 hits, 0 errors, 1 left on base; Cleveland (APP) 0 - Pulaski 9 |
| TOP OF THE 6TH |
|
Cleveland (APP) Indians batting - Pitching for Pulaski Yankees : RHP Tony Black
|
|
Pitching: RHP Bill Kaiser
|
|
|
Batting: RHB Carlos Manriquez
|
0-0: Ball 1-0: Ball 2-0: Ball 3-0: Base on Balls
|
|
Batting: RHB Juan Gallardo
|
0-0: Called Strike 0-1: Fielders Choice at 2nd, 6-4 (Groundball, 6S, EV 93.1 MPH)
|
|
Batting: RHB Luis Roman
|
0-0: Ball 1-0: Called Strike 1-1: Ball Wild Pitch! Juan Gallardo to second 2-1: Swinging Strike 2-2: Foul Ball, location: 2F 2-2: Strikes out swinging
|
|
Batting: RHB Joe Shade
|
0-0: Fly out, F7 (Flyball, 7LM, EV 90.0 MPH)
|
| Top of the 6th over - 0 runs, 0 hits, 0 errors, 1 left on base; Cleveland (APP) 0 - Pulaski 9 |
| BOTTOM OF THE 6TH |
|
Pulaski Yankees batting - Pitching for Cleveland (APP) Indians : LHP Kenji Yokoyama
|
|
Batting: RHB Bobby Melillo
|
0-0: Foul Ball, location: 2F 0-1: Ball 1-1: Ball 2-1: Swinging Strike 2-2: Foul Ball, location: 2F 2-2: Ball 3-2: Base on Balls
|
|
Batting: SHB Blake Abbott
|
0-0: Ball Passed Ball! Bobby Melillo to second 1-0: Foul Ball, location: 2F 1-1: Swinging Strike 1-2: Ball 2-2: Ball Passed Ball! Bobby Melillo to third 3-2: Base on Balls
|
|
Batting: SHB Victor Ruiz
|
0-0: Foul Ball, location: 2F 0-1: Ball Passed Ball! Bobby Melillo scores Blake Abbott to second 1-1: Foul Ball, location: 2F 1-2: Ball Passed Ball! Blake Abbott to third 2-2: Strikes out swinging
|
|
Batting: RHB Johannes Gutermuth
|
0-0: SINGLE (Groundball, 25, EV 72.5 MPH) (infield hit)
|
|
Batting: RHB Jordan Barragan
|
0-0: TRIPLE (Flyball, 9LD, EV 103.8 MPH) Blake Abbott scores Johannes Gutermuth scores
|
|
Batting: SHB Joe Fure
|
0-0: Swinging Strike 0-1: Foul Ball, location: 2F 0-2: Foul Ball, location: 2F 0-2: Ball 1-2: Foul Ball, location: 2F 1-2: Foul Ball, location: 2F 1-2: Foul Ball, location: 2F 1-2: Foul Ball, location: 2F 1-2: Ball Passed Ball! Jordan Barragan scores 2-2: Ball 3-2: Foul Ball, location: 2F 3-2: Base on Balls
|
|
Batting: RHB Roberto Tena
|
0-0: Called Strike 0-1: Ball Passed Ball! Joe Fure to second 1-1: Ball 2-1: Ball Passed Ball! Joe Fure to third 3-1: Base on Balls
|
|
Batting: LHB Joel Vera
|
0-0: Ball Passed Ball! Joe Fure scores Roberto Tena to second 1-0: Ball Passed Ball! Roberto Tena to third 2-0: Called Strike 2-1: Ball 3-1: Foul Ball, location: 2F 3-2: Base on Balls
|
|
Batting: LHB Dan Morris
|
0-0: 3-RUN HOME RUN (Flyball, 7D, EV 95.6 MPH), Distance : 378 ft
|
|
Batting: RHB Bobby Melillo
|
0-0: Swinging Strike 0-1: Ground out 2-3 (Groundball, 2R, EV 66.2 MPH)
|
|
Batting: SHB Blake Abbott
|
0-0: Swinging Strike 0-1: Ball 1-1: SINGLE (Groundball, 4MD, EV 100.0 MPH)
|
|
Batting: SHB Victor Ruiz
|
0-0: Ball 1-0: Ball 2-0: Ball Passed Ball! Blake Abbott to second 3-0: Base on Balls
|
|
Batting: RHB Johannes Gutermuth
|
0-0: Called Strike 0-1: Swinging Strike 0-2: Ball 1-2: Strikes out swinging
|
| Bottom of the 6th over - 8 runs, 4 hits, 0 errors, 2 left on base; Cleveland (APP) 0 - Pulaski 17 |
| TOP OF THE 7TH |
|
Cleveland (APP) Indians batting - Pitching for Pulaski Yankees : RHP Bill Kaiser
|
|
Batting: LHB Heath Ryland
|
0-0: Called Strike 0-1: Ball 1-1: Ground out 5-3 (Groundball, 56D, EV 105.0 MPH)
|
|
Batting: LHB Jose Esteban
|
0-0: Called Strike 0-1: Foul Ball, location: 2F 0-2: Ball 1-2: Strikes out swinging
|
|
Batting: LHB Gilbert Paparelli
|
0-0: Called Strike 0-1: Swinging Strike 0-2: Ball 1-2: Ball 2-2: Foul Ball, location: 2F 2-2: Strikes out swinging
|
| Top of the 7th over - 0 runs, 0 hits, 0 errors, 0 left on base; Cleveland (APP) 0 - Pulaski 17 |
| BOTTOM OF THE 7TH |
|
Pulaski Yankees batting - Pitching for Cleveland (APP) Indians : LHP Kenji Yokoyama
|
|
Batting: RHB Jordan Barragan
|
0-0: Ball 1-0: SOLO HOME RUN (Flyball, 7LD, EV 91.2 MPH), Distance : 351 ft
|
|
Batting: SHB Joe Fure
|
0-0: Swinging Strike 0-1: Foul Ball, location: 2F 0-2: Foul Ball, location: 2F 0-2: Fly out, F8 (Line Drive, 8RM, EV 106.9 MPH)
|
|
Batting: RHB Roberto Tena
|
0-0: Ground out 3-1 (Groundball, 34, EV 85.0 MPH)
|
|
Batting: LHB Joel Vera
|
0-0: SOLO HOME RUN (Flyball, 9LD, EV 95.0 MPH), Distance : 337 ft
|
|
Batting: LHB Dan Morris
|
0-0: Reached on error, E7 (Flyball, 78S, EV 91.2 MPH)
|
|
Batting: RHB Bobby Melillo
|
0-0: Foul Ball, location: 2F 0-1: Ball 1-1: Called Strike 1-2: Ball 2-2: Ball 3-2: Foul Ball, location: 2F 3-2: Base on Balls
|
|
Batting: SHB Blake Abbott
|
0-0: Ball Passed Ball! Dan Morris to third Bobby Melillo to second 1-0: Called Strike 1-1: Reached on error, E6 (Groundball, 6, EV 98.8 MPH) Dan Morris scores Bobby Melillo to third
|
|
Batting: SHB Victor Ruiz
|
0-0: Ball 1-0: Ball Passed Ball! Bobby Melillo scores Blake Abbott to second 2-0: Swinging Strike 2-1: Ball 3-1: Base on Balls
|
|
Batting: RHB Johannes Gutermuth
|
0-0: DOUBLE (Line Drive, 7LM, EV 101.9 MPH) Blake Abbott scores Victor Ruiz to third
|
|
Batting: RHB Jordan Barragan
|
0-0: Called Strike 0-1: Foul Ball, location: 2F 0-2: Ball 1-2: Ball 2-2: Ball 3-2: Base on Balls
|
|
Batting: SHB Joe Fure
|
0-0: Foul Ball, location: 2F 0-1: Foul Ball, location: 2F 0-2: Ball 1-2: Fly out, F9 (Flyball, 89S, EV 88.8 MPH)
|
| Bottom of the 7th over - 5 runs, 3 hits, 2 errors, 3 left on base; Cleveland (APP) 0 - Pulaski 22 |
| TOP OF THE 8TH |
|
Cleveland (APP) Indians batting - Pitching for Pulaski Yankees : RHP Bill Kaiser
|
|
Batting: LHB Jordan Jimenez
|
0-0: Called Strike 0-1: Ball 1-1: Foul Ball, location: 2F 1-2: Ball 2-2: Ball 3-2: Strikes out looking
|
|
Pitching: RHP Vince DeFord
|
|
|
Batting: RHB John Clark
|
0-0: Ball 1-0: Fly out, F6 (Line Drive, 6, EV 70.6 MPH)
|
|
Batting: RHB Carlos Manriquez
|
0-0: Ball 1-0: Ball 2-0: Ball 3-0: Base on Balls
|
|
Batting: RHB Juan Gallardo
|
0-0: Called Strike 0-1: Ball 1-1: Swinging Strike 1-2: Ball 2-2: Strikes out swinging
|
| Top of the 8th over - 0 runs, 0 hits, 0 errors, 1 left on base; Cleveland (APP) 0 - Pulaski 22 |
| BOTTOM OF THE 8TH |
|
Pulaski Yankees batting - Pitching for Cleveland (APP) Indians : LHP Kenji Yokoyama
|
|
Batting: RHB Roberto Tena
|
0-0: Called Strike 0-1: Ball 1-1: Ball 2-1: Ball 3-1: Foul Ball, location: 2F 3-2: Base on Balls
|
|
Batting: LHB Joel Vera
|
0-0: Called Strike 0-1: Ball Passed Ball! Roberto Tena to second 1-1: Ball Passed Ball! Roberto Tena to third 2-1: Foul Ball, location: 2F 2-2: Strikes out swinging
|
|
Batting: LHB Dan Morris
|
0-0: Ball 1-0: DOUBLE (Line Drive, 5D, EV 106.2 MPH) Roberto Tena scores
|
|
Pinch Hitting: RHB Seth Rutz
|
0-0: Called Strike 0-1: Ball Passed Ball! Dan Morris to third 1-1: Foul Ball, location: 2F 1-2: Ball 2-2: Ball Passed Ball! Dan Morris scores 3-2: Base on Balls
|
|
Batting: SHB Blake Abbott
|
0-0: Foul Ball, location: 2F 0-1: Ball Passed Ball! Seth Rutz to second 1-1: Ball 2-1: Foul Ball, location: 2F 2-2: Ball Wild Pitch! Seth Rutz to third 3-2: Base on Balls
|
|
Batting: SHB Victor Ruiz
|
0-0: Called Strike 0-1: Foul Ball, location: 2F 0-2: SINGLE (Groundball, 56D, EV 110.6 MPH) Seth Rutz scores Blake Abbott to second
|
|
Batting: RHB Johannes Gutermuth
|
0-0: Fielders Choice at 2nd, 1-4 (Groundball, 15S, EV 70.0 MPH) Blake Abbott to third
|
|
Batting: RHB Jordan Barragan
|
0-0: Fly out, F8 (Flyball, 78XD, EV 102.5 MPH)
|
| Bottom of the 8th over - 3 runs, 2 hits, 0 errors, 2 left on base; Cleveland (APP) 0 - Pulaski 25 |
| TOP OF THE 9TH |
|
Cleveland (APP) Indians batting - Pitching for Pulaski Yankees : RHP Vince DeFord
|
|
Now at 1B: Seth Rutz
|
|
|
Batting: RHB Luis Roman
|
0-0: Fly out, F8 (Flyball, 78M, EV 88.1 MPH)
|
|
Batting: RHB Joe Shade
|
0-0: Called Strike 0-1: Ball 1-1: Swinging Strike 1-2: Ball 2-2: Strikes out swinging
|
|
Batting: LHB Heath Ryland
|
0-0: Called Strike 0-1: Ball 1-1: Called Strike 1-2: Strikes out swinging
|
| Top of the 9th over - 0 runs, 0 hits, 0 errors, 0 left on base; Cleveland (APP) 0 - Pulaski 25 |
|